Moose vs Griffins
Created - May 7, 2021 at 20:01
Goals
|
| Moose |
2 |
2 |
1 |
5 |
| Griffins |
2 |
1 |
1 |
4 |
|
Shots
|
| Moose |
4 |
16 |
11 |
31 |
| Griffins |
10 |
11 |
10 |
31 |
|
1st period
1. Moose , Jordan Martinook 29 (Alexandre Carrier 15) at 6:53
2. Griffins , Brendan Woods 12 (Travis Sanheim 28, Rourke Chartier 14) at 9:54
3. Griffins , Tye McGinn 48 (Danny Kristo 23, Brandon Pirri 41) at 10:59
4. Moose , Dominik Kahun 8 (Jordan Martinook 23, Vince Hinostroza 27) at 17:28
Penalties :
Jordan Martinook (Man) for Hooking (Minor) at 1:59, Iiro Pakarinen (Man) for Hooking (Minor) at 11:19
2nd period
5. Moose , Frank Vatrano 11 (Troy Stetcher 40) at 2:58
6. Griffins , Danny Kristo 30 (Mathew Barzal 29) at 15:14
7. Moose , Nicolas Petan 10 (Iiro Pakarinen 51) at 16:38
Penalties :
Matthew Benning (Man) for Hooking (Minor) at 4:18, Phil Oreskovic (Gra) for Holding Stick (Minor) at 17:01
3rd period
8. Griffins , Riley Armstrong 23 (Travis Sanheim 29) at 2:40
9. Moose , Nicolas Petan 11 (Iiro Pakarinen 52) at 8:27 (PP)
Penalties :
Marcus Pettersson (Gra) for Interference (Minor) at 0:26, Ryan Pulock (Gra) for Hooking (Minor) at 6:54, Travis Sanheim (Gra) for Unsportsmanlike conduct (Minor) at 11:22
Goalie Stats
Magnus Hellberg (Man), 27 saves from 31 shots - (0.871), W, 22-13-3, 60:00 minutes
Olivier Roy (Gra), 26 saves from 31 shots - (0.839), L, 24-15-4, 59:41 minutes
Players Stats for Moose
Player Name G A P +/- PIM S H SB GA TA FO MP PP MP PK MP
------------------------------------------------------------------------------------
Alexandre Carrier 0 1 1 -2 0 1 0 0 0 1 0/0 16:01 3:00 0:24
Brendan Perlini 0 0 0 1 0 3 1 0 0 0 1/1 16:48 3:17 0:15
Cedric Paquette 0 0 0 1 0 1 2 0 0 0 1/5 13:42 0:00 3:11
Dominik Kahun 1 0 1 1 0 2 1 0 1 1 20/31 16:57 4:13 0:26
Frank Vatrano 1 0 1 1 0 3 0 1 0 0 0/0 12:25 0:00 1:51
Iiro Pakarinen 0 2 2 0 2 1 2 1 1 0 0/1 16:48 3:17 0:00
Jesse Graham 0 0 0 -1 0 0 0 0 0 0 0/0 12:10 0:00 0:00
Jordan Martinook 1 1 2 1 2 7 3 1 0 0 1/1 24:38 4:12 1:44
Ludwig Bystrom 0 0 0 1 0 2 2 2 1 2 0/0 24:09 4:30 3:15
Matthew Benning 0 0 0 1 2 0 1 2 0 0 0/0 19:16 0:00 2:15
Mitchell Stephens 0 0 0 -2 0 0 0 1 0 0 1/4 10:09 0:00 0:00
Nathan Walker 0 0 0 0 0 0 0 0 1 0 0/0 2:00 0:00 0:00
Nicolas Petan 2 0 2 0 0 2 0 0 0 0 7/12 16:20 3:17 0:00
Nikolay Goldobin 0 0 0 -2 0 0 0 0 0 0 1/2 11:36 0:01 1:16
Oskar Lindblom 0 0 0 -2 0 1 1 0 1 0 0/1 10:09 0:00 0:00
Troy Stetcher 0 1 1 1 0 4 0 2 1 0 0/0 25:13 4:30 2:54
Vince Hinostroza 0 1 1 1 0 3 2 0 0 1 1/2 22:07 4:13 3:11
Vladislav Gavrikov 0 0 0 0 0 1 0 0 0 2 0/0 23:32 3:00 3:06
Players Stats for Griffins
Player Name G A P +/- PIM S H SB GA TA FO MP PP MP PK MP
------------------------------------------------------------------------------------
Adam Gaudette 0 0 0 1 0 1 0 0 1 0 0/0 14:21 2:53 0:00
Ben Hanowski 0 0 0 0 0 0 1 2 0 1 1/2 17:50 0:00 1:46
Brandon Pirri 0 1 1 1 0 2 1 1 2 1 0/1 14:25 2:53 1:53
Brendan Woods 1 0 1 -2 0 2 0 1 0 0 0/0 12:44 0:00 4:33
Danny Kristo 1 1 2 1 0 2 3 0 0 0 4/6 13:39 0:00 4:20
Dylan Larkin 0 0 0 0 0 3 1 0 1 0 13/31 19:55 3:04 0:00
Jordie Benn 0 0 0 2 0 3 0 3 1 0 0/0 22:47 2:54 4:02
Marcus Pettersson 0 0 0 2 2 1 1 1 0 0 0/0 21:43 2:54 1:52
Mathew Barzal 0 1 1 1 0 0 2 0 0 0 1/2 13:22 3:03 0:11
Max Domi 0 0 0 1 0 2 1 0 0 0 0/1 15:43 3:04 0:00
Phil Oreskovic 0 0 0 -1 2 0 0 0 0 0 0/0 14:23 0:00 2:34
Riley Armstrong 1 0 1 1 0 7 0 0 0 0 4/8 14:24 2:53 0:00
Rourke Chartier 0 1 1 -2 0 1 1 0 0 0 3/6 8:19 0:00 0:00
Ryan Pulock 0 0 0 -1 2 1 0 2 0 1 0/0 14:17 0:00 2:28
Simon Despres 0 0 0 -1 0 0 0 1 0 1 0/0 21:15 0:00 4:02
Sonny Milano 0 0 0 -2 0 0 2 0 0 0 0/0 8:07 0:00 0:00
Travis Sanheim 0 2 2 -1 2 3 0 0 1 1 0/0 22:29 3:03 0:02
Tye McGinn 1 0 1 0 0 3 2 1 1 1 1/3 22:43 3:04 2:17
3 Stars
1 - Nicolas Petan (Man)
2 - Danny Kristo (Gra)
3 - Jordan Martinook (Man)
Power Play
Moose - 1 on 4 Attempt(s) - 25.00%
Griffins - 0 on 3 Attempt(s) - 0.00%
Penalty Kill
Moose - 3 on 3 Attempt(s) - 100.00%
- Score 0 goal in Penalty Kill
Griffins - 3 on 4 Attempt(s) - 75.00%
- Score 0 goal in Penalty Kill
Team Stat
Moose - Hits : 15 - Faceoff Wins : 33 - Blocked Shots : 10 - Penalty Minutes : 6
Griffins - Hits : 15 - Faceoff Wins : 27 - Blocked Shots : 12 - Penalty Minutes : 8
Official
Referees : Unknown
Linesman : Unknown
Game Notes
Nathan Walker is injured at 7:42 of 1st period (Right Eye)
Finance
Level 1 -- Attendance: 1917 (95.85%) -- Ticket Income $67,095
Level 2 -- Attendance: 635 (63.50%) -- Ticket Income $12,700
Total Attendance: 2552 (85.07%)
Total Ticket Income: $79,795
Other Income: $3,990
Total Income: $83,785
Moose
5 vs 5 Forward
Center Left Wing Right Wing Time % Phy DF OF
1 Dominik Kahun Jordan Martinook Vince Hinostroza 40 0 2 3
2 Nicolas Petan Nathan Walker Iiro Pakarinen 30 1 1 3
3 Cedric Paquette Brendan Perlini Frank Vatrano 20 1 2 2
4 Mitchell Stephens Oskar Lindblom Nikolay Goldobin 10 0 2 3
5 vs 5 Defense
Defense Defense Time % Phy DF OF
1 Vladislav Gavrikov Troy Stetcher 40 1 2 2
2 Matthew Benning Ludwig Bystrom 35 1 2 2
3 Alexandre Carrier Jesse Graham 25 1 2 2
4 Troy Stetcher Matthew Benning 0 1 2 2
PowerPlay Forward
Center Left Wing Right Wing Time % Phy DF OF
1 Dominik Kahun Jordan Martinook Vince Hinostroza 60 0 1 4
2 Nicolas Petan Brendan Perlini Iiro Pakarinen 40 0 1 4
PowerPlay Defense
Defense Defense Time % Phy DF OF
1 Ludwig Bystrom Troy Stetcher 60 0 1 4
2 Vladislav Gavrikov Alexandre Carrier 40 0 1 4
Penalty Kill 4 Players Forward
Center Wing Time % Phy DF OF
1 Cedric Paquette Vince Hinostroza 60 1 3 1
2 Jordan Martinook Frank Vatrano 40 1 3 1
Penalty Kill 4 Players Defense
Defense Defense Time % Phy DF OF
1 Matthew Benning Ludwig Bystrom 60 1 4 0
2 Vladislav Gavrikov Troy Stetcher 40 1 4 0
Penalty Kill - 3 Players Forward
Forward Time % Phy DF OF
1 Frank Vatrano 60 0 4 1
2 Vince Hinostroza 40 0 4 1
Penalty Kill - 3 Players Defense
Defense Defense Time % Phy DF OF
1 Matthew Benning Vladislav Gavrikov 60 1 3 1
2 Troy Stetcher Ludwig Bystrom 40 1 3 1
4 vs 4 Forward
Center Wing Time % Phy DF OF
1 Dominik Kahun Jordan Martinook 60 1 2 2
2 Cedric Paquette Vince Hinostroza 40 1 2 2
4 vs 4 Defense
Defense Defense Time % Phy DF OF
1 Troy Stetcher Ludwig Bystrom 60 1 2 2
2 Matthew Benning Vladislav Gavrikov 40 1 2 2
Last Minutes Offensive
Center Left Wing Right Wing Defense Defense
Dominik Kahun Jordan Martinook Vince Hinostroza Ludwig Bystrom Troy Stetcher
Last Minutes Defensive
Center Left Wing Right Wing Defense Defense
Cedric Paquette Jordan Martinook Vince Hinostroza Vladislav Gavrikov Troy Stetcher
Goaltenders
Starting : Magnus Hellberg
Backup : Joey Daccord
Extra Forwards
Normal : Jordan Martinook, Iiro Pakarinen, Vince Hinostroza - PP : Nathan Walker, Nikolay Goldobin - PK : Nikolay Goldobin
Extra Defensemen
Normal : Alexandre Carrier, Vladislav Gavrikov, Ludwig Bystrom - PP : Alexandre Carrier - PK : Ludwig Bystrom, Vladislav Gavrikov
Penalty Shots
Nikolay Goldobin, Nathan Walker, Iiro Pakarinen, Brendan Perlini, Cedric Paquette
Scratches
John Marino (Healthy), Nicklas Jensen (Healthy), Jeremy Bracco (Healthy), Colin White (Healthy), Sami Niku (Healthy)
David Kase (Healthy), Jansen Harkins (Healthy), Dwight King (Healthy), John Hayden (Healthy), Mackenzie MacEachern (Healthy)
Josh Bailey (Healthy), Mirco Mueller (Bruised Right Arm Injury), Jayce Hawryluk (Healthy), Ryan Collins (Healthy), William Lagesson (Healthy)
Philippe Desrosiers (Healthy)
Griffins
5 vs 5 Forward
Center Left Wing Right Wing Time % Phy DF OF
1 Dylan Larkin Tye McGinn Ben Hanowski 40 0 2 3
2 Riley Armstrong Max Domi Adam Gaudette 30 0 2 3
3 Mathew Barzal Brandon Pirri Danny Kristo 20 0 2 3
4 Rourke Chartier Sonny Milano Brendan Woods 10 0 3 2
5 vs 5 Defense
Defense Defense Time % Phy DF OF
1 Travis Sanheim Simon Despres 35 0 3 2
2 Marcus Pettersson Jordie Benn 35 0 3 2
3 Ryan Pulock Phil Oreskovic 15 0 3 2
4 Ryan Pulock Phil Oreskovic 15 0 3 2
PowerPlay Forward
Center Left Wing Right Wing Time % Phy DF OF
1 Dylan Larkin Tye McGinn Max Domi 60 0 1 4
2 Riley Armstrong Brandon Pirri Adam Gaudette 40 0 1 4
PowerPlay Defense
Defense Defense Time % Phy DF OF
1 Jordie Benn Marcus Pettersson 60 0 2 3
2 Mathew Barzal Travis Sanheim 40 0 2 3
Penalty Kill 4 Players Forward
Center Wing Time % Phy DF OF
1 Danny Kristo Brendan Woods 60 0 4 1
2 Ben Hanowski Tye McGinn 40 0 4 1
Penalty Kill 4 Players Defense
Defense Defense Time % Phy DF OF
1 Jordie Benn Simon Despres 60 1 2 2
2 Phil Oreskovic Ryan Pulock 40 1 2 2
Penalty Kill - 3 Players Forward
Forward Time % Phy DF OF
1 Brendan Woods 60 0 4 1
2 Danny Kristo 40 0 4 1
Penalty Kill - 3 Players Defense
Defense Defense Time % Phy DF OF
1 Jordie Benn Simon Despres 60 1 2 2
2 Phil Oreskovic Ryan Pulock 40 1 2 2
4 vs 4 Forward
Center Wing Time % Phy DF OF
1 Dylan Larkin Tye McGinn 60 0 2 3
2 Max Domi Adam Gaudette 40 0 2 3
4 vs 4 Defense
Defense Defense Time % Phy DF OF
1 Travis Sanheim Simon Despres 60 0 3 2
2 Jordie Benn Marcus Pettersson 40 0 3 2
Last Minutes Offensive
Center Left Wing Right Wing Defense Defense
Dylan Larkin Tye McGinn Max Domi Marcus Pettersson Travis Sanheim
Last Minutes Defensive
Center Left Wing Right Wing Defense Defense
Tye McGinn Brendan Woods Danny Kristo Phil Oreskovic Simon Despres
Goaltenders
Starting : Olivier Roy
Backup : Igor Shesterkin
Extra Forwards
Normal : Dylan Larkin, Max Domi, Mathew Barzal - PP : Sonny Milano, Danny Kristo - PK : Brandon Pirri
Extra Defensemen
Normal : Travis Sanheim, Marcus Pettersson, Phil Oreskovic - PP : Simon Despres - PK : Marcus Pettersson, Travis Sanheim
Penalty Shots
Dylan Larkin, Brandon Pirri, Danny Kristo, Sonny Milano, Ben Hanowski
Scratches
Vladislav Namestnikov (Healthy), Garrett Wilson (Healthy), Mathieu Joseph (Healthy), Troy Terry (Healthy), Tanner Kero (Healthy)
Greg McKegg (Healthy), Nikita Pavlychev (Healthy), Konrad Abeltshauser (Healthy), Dylan DeMelo (Healthy), Tomas Hyka (Healthy)
Ian McCoshen (Healthy), Michael Bunting (Healthy), Ryan Mantha (Healthy), Jack Ramsey (Healthy), Marcus Hogberg (Healthy)
% Time on Ice - Moose
Lines # - Real PCT - Wanted PCT - Time Play
Normal Forward
1 - 25% - 40% - 11:14
2 - 31% - 30% - 14:16
3 - 21% - 20% - 9:40
4 - 22% - 10% - 10:09
Normal Defense
1 - 36% - 40% - 16:24
2 - 36% - 35% - 16:12
3 - 27% - 25% - 12:10
4 - 1% - 0% - 0:33
PP Forward
1 - 56% - 60% - 4:13
2 - 44% - 40% - 3:17
PP Defense
1 - 60% - 60% - 4:30
2 - 40% - 40% - 3:00
PK Forward
1 - 69% - 60% - 4:06
2 - 31% - 40% - 1:51
PK Defense
1 - 64% - 60% - 3:49
2 - 36% - 40% - 2:08
PK3 Forward
1 - 0% - 60%
2 - 0% - 40%
PK3 Defense
1 - 0% - 60%
2 - 0% - 40%
44 Forward
1 - 0% - 60%
2 - 0% - 40%
44 Defense
1 - 0% - 60%
2 - 0% - 40%
Last Minute Offensive - 0:00
Last Minute Defensive - 1:14
Total
Forward - 60:00
Defense - 60:00
|
% Time on Ice - Griffins
Lines # - Real PCT - Wanted PCT - Time Play
Normal Forward
1 - 36% - 40% - 16:09
2 - 26% - 30% - 11:44
3 - 21% - 20% - 9:18
4 - 18% - 10% - 8:07
Normal Defense
1 - 38% - 35% - 17:13
2 - 37% - 35% - 16:49
3 - 12% - 15% - 5:25
4 - 13% - 15% - 5:51
PP Forward
1 - 52% - 60% - 3:04
2 - 48% - 40% - 2:53
PP Defense
1 - 49% - 60% - 2:54
2 - 51% - 40% - 3:03
PK Forward
1 - 76% - 60% - 5:44
2 - 24% - 40% - 1:46
PK Defense
1 - 54% - 60% - 4:02
2 - 46% - 40% - 3:28
PK3 Forward
1 - 0% - 60%
2 - 0% - 40%
PK3 Defense
1 - 0% - 60%
2 - 0% - 40%
44 Forward
1 - 0% - 60%
2 - 0% - 40%
44 Defense
1 - 0% - 60%
2 - 0% - 40%
Last Minute Offensive - 1:15
Last Minute Defensive - 0:00
Total
Forward - 60:00
Defense - 60:00
|
Play-by-Play
1st period
0:01 of 1st period - Dominik Kahun wins face-off versus Dylan Larkin in neutral zone.
0:26 of 1st period - Iiro Pakarinen is hit by Max Domi and loses puck.
1:49 of 1st period - Riley Armstrong is hit by Iiro Pakarinen and loses puck.
1:56 of 1st period - Slapshot by Travis Sanheim.
1:56 of 1st period - Stopped by Magnus Hellberg without a rebound.
1:57 of 1st period - Dominik Kahun wins face-off versus Dylan Larkin in Moose zone.
1:59 of 1st period - Minor Penalty to Jordan Martinook for Hooking.
2:00 of 1st period - Vince Hinostroza wins face-off versus Dylan Larkin in Moose zone.
2:30 of 1st period - Slapshot by Adam Gaudette.
2:30 of 1st period - Shot Blocked by Matthew Benning.
2:32 of 1st period - Snap shot by Riley Armstrong.
2:32 of 1st period - Stopped by Magnus Hellberg without a rebound.
2:33 of 1st period - Riley Armstrong wins face-off versus Nikolay Goldobin in Moose zone.
3:59 of 1st period - Penalty to Jordan Martinook is over, Jordan Martinook is back on ice.
4:04 of 1st period - Snap shot by Nathan Walker.
4:04 of 1st period - Deflect By Brendan Woods.
4:04 of 1st period - Shot Misses the Net.
4:04 of 1st period - Puck is out of play.
4:05 of 1st period - Nicolas Petan wins face-off versus Rourke Chartier in Griffins zone.
4:12 of 1st period - Snap shot by Nathan Walker.
4:12 of 1st period - Shot Misses the Net.
6:18 of 1st period - Snap shot by Riley Armstrong.
6:18 of 1st period - Stopped by Magnus Hellberg with a rebound.
6:20 of 1st period - Snap shot by Marcus Pettersson.
6:20 of 1st period - Stopped by Magnus Hellberg with a rebound.
6:38 of 1st period - Wrist shot by Nikolay Goldobin.
6:38 of 1st period - Shot Misses the Net.
6:53 of 1st period - Slapshot by Jordan Martinook.
6:53 of 1st period - Goal by Jordan Martinook - Moose : 1 - Griffins : 0.
6:54 of 1st period - Tye McGinn wins face-off versus Dominik Kahun in neutral zone.
7:19 of 1st period - Max Domi is hit by Iiro Pakarinen and loses puck.
7:26 of 1st period - Snap shot by Riley Armstrong.
7:26 of 1st period - Stopped by Magnus Hellberg without a rebound.
7:27 of 1st period - Nicolas Petan wins face-off versus Dylan Larkin in Moose zone.
7:41 of 1st period - Nathan Walker is hit by Tye McGinn and loses puck.
7:42 of 1st period - Nathan Walker from Moose is injured at 7:42 of 1st period (Right Eye).
7:43 of 1st period - Dominik Kahun wins face-off versus Dylan Larkin in Moose zone.
7:43 of 1st period - Dominik Kahun is hit by Ben Hanowski.
7:51 of 1st period - Backhand shot by Jordan Martinook.
7:51 of 1st period - Shot Misses the Net.
8:09 of 1st period - Jordie Benn is hit by Cedric Paquette and loses puck.
8:53 of 1st period - Icing by Nikolay Goldobin.
8:54 of 1st period - Rourke Chartier wins face-off versus Mitchell Stephens in Moose zone.
9:17 of 1st period - Backhand shot by Rourke Chartier.
9:17 of 1st period - Stopped by Magnus Hellberg with a rebound.
9:19 of 1st period - Wrist shot by Brendan Woods.
9:19 of 1st period - Shot Misses the Net.
9:21 of 1st period - Slapshot by Brendan Woods.
9:21 of 1st period - Shot Blocked by Mitchell Stephens.
9:23 of 1st period - Slapshot by Jordie Benn.
9:23 of 1st period - Stopped by Magnus Hellberg with a rebound.
9:25 of 1st period - Slapshot by Marcus Pettersson.
9:25 of 1st period - Shot Misses the Net.
9:41 of 1st period - Nikolay Goldobin is hit by Sonny Milano and loses puck.
9:52 of 1st period - Slapshot by Travis Sanheim.
9:52 of 1st period - Shot Misses the Net.
9:54 of 1st period - Snap shot by Brendan Woods.
9:54 of 1st period - Goal by Brendan Woods - Moose : 1 - Griffins : 1.
9:55 of 1st period - Dominik Kahun wins face-off versus Tye McGinn in neutral zone.
10:08 of 1st period - Snap shot by Tye McGinn.
10:08 of 1st period - Shot Misses the Net.
10:37 of 1st period - Matthew Benning is hit by Danny Kristo and loses puck.
10:44 of 1st period - Frank Vatrano is hit by Brandon Pirri and loses puck.
10:59 of 1st period - Snap shot by Tye McGinn.
10:59 of 1st period - Goal by Tye McGinn - Moose : 1 - Griffins : 2.
11:00 of 1st period - Ben Hanowski wins face-off versus Dominik Kahun in neutral zone.
11:16 of 1st period - Snap shot by Dylan Larkin.
11:16 of 1st period - Deflect By Ben Hanowski.
11:16 of 1st period - Shot Misses the Net.
11:16 of 1st period - Puck is out of play.
11:17 of 1st period - Jordan Martinook wins face-off versus Max Domi in Moose zone.
11:19 of 1st period - Minor Penalty to Iiro Pakarinen for Hooking.
11:20 of 1st period - Dylan Larkin wins face-off versus Cedric Paquette in Moose zone.
11:32 of 1st period - Wrist shot by Dylan Larkin.
11:32 of 1st period - Shot Misses the Net.
11:58 of 1st period - Slapshot by Adam Gaudette.
11:58 of 1st period - Shot Misses the Net.
13:19 of 1st period - Penalty to Iiro Pakarinen is over, Iiro Pakarinen is back on ice.
14:30 of 1st period - Jordie Benn is hit by Oskar Lindblom and loses puck.
14:50 of 1st period - Adam Gaudette is hit by Vince Hinostroza and loses puck.
15:01 of 1st period - Max Domi is hit by Dominik Kahun and loses puck.
15:22 of 1st period - Snap shot by Sonny Milano.
15:22 of 1st period - Deflect By Brendan Woods.
15:22 of 1st period - Shot Blocked by Matthew Benning.
15:22 of 1st period - Puck is out of play.
15:23 of 1st period - Rourke Chartier wins face-off versus Nicolas Petan in Moose zone.
15:34 of 1st period - Snap shot by Rourke Chartier.
15:34 of 1st period - Shot Misses the Net.
16:16 of 1st period - Snap shot by Brendan Perlini.
16:16 of 1st period - Stopped by Olivier Roy without a rebound.
16:17 of 1st period - Nicolas Petan wins face-off versus Dylan Larkin in Griffins zone.
16:44 of 1st period - Frank Vatrano is hit by Danny Kristo and loses puck.
17:22 of 1st period - Icing by Ludwig Bystrom.
17:23 of 1st period - Dominik Kahun wins face-off versus Rourke Chartier in Moose zone.
17:28 of 1st period - Snap shot by Dominik Kahun.
17:28 of 1st period - Goal by Dominik Kahun - Moose : 2 - Griffins : 2.
17:29 of 1st period - Dylan Larkin wins face-off versus Dominik Kahun in neutral zone.
17:34 of 1st period - Snap shot by Ben Hanowski.
17:34 of 1st period - Shot Misses the Net.
17:36 of 1st period - Snap shot by Tye McGinn.
17:36 of 1st period - Stopped by Magnus Hellberg without a rebound.
17:37 of 1st period - Dylan Larkin wins face-off versus Dominik Kahun in Moose zone.
17:42 of 1st period - Wrist shot by Dylan Larkin.
17:42 of 1st period - Shot Misses the Net.
17:48 of 1st period - Snap shot by Tye McGinn.
17:48 of 1st period - Shot Misses the Net.
17:50 of 1st period - Snap shot by Tye McGinn.
17:50 of 1st period - Shot Misses the Net.
17:52 of 1st period - Wrist shot by Ben Hanowski.
17:52 of 1st period - Shot Misses the Net.
18:02 of 1st period - Slapshot by Troy Stetcher.
18:02 of 1st period - Shot Blocked by Simon Despres.
19:19 of 1st period - Snap shot by Brendan Perlini.
19:19 of 1st period - Stopped by Olivier Roy with a rebound.
Goals for this period are 2 for Moose vs 2 for Griffins.
Shots for this period are 4 for Moose vs 10 for Griffins.
2nd period
0:01 of 2nd period - Dominik Kahun wins face-off versus Dylan Larkin in neutral zone.
0:10 of 2nd period - Wrist shot by Jordan Martinook.
0:10 of 2nd period - Deflect By Dominik Kahun.
0:10 of 2nd period - Stopped by Olivier Roy without a rebound.
0:11 of 2nd period - Dylan Larkin wins face-off versus Dominik Kahun in Griffins zone.
0:23 of 2nd period - Wrist shot by Tye McGinn.
0:23 of 2nd period - Shot Misses the Net.
0:25 of 2nd period - Slapshot by Jordie Benn.
0:25 of 2nd period - Stopped by Magnus Hellberg without a rebound.
0:26 of 2nd period - Dominik Kahun wins face-off versus Riley Armstrong in Moose zone.
0:52 of 2nd period - Nicolas Petan is hit by Dylan Larkin and loses puck.
1:07 of 2nd period - Tye McGinn is hit by Jordan Martinook and loses puck.
1:20 of 2nd period - Frank Vatrano is hit by Marcus Pettersson and loses puck.
1:45 of 2nd period - Snap shot by Riley Armstrong.
1:45 of 2nd period - Shot Misses the Net.
1:48 of 2nd period - Icing by Alexandre Carrier.
1:49 of 2nd period - Dylan Larkin wins face-off versus Mitchell Stephens in Moose zone.
1:52 of 2nd period - Wrist shot by Dylan Larkin.
1:52 of 2nd period - Deflect By Nikolay Goldobin.
1:52 of 2nd period - Shot Misses the Net.
1:52 of 2nd period - Puck is out of play.
1:53 of 2nd period - Dominik Kahun wins face-off versus Dylan Larkin in Moose zone.
2:04 of 2nd period - Snap shot by Dylan Larkin.
2:04 of 2nd period - Shot Blocked by Jordan Martinook.
2:06 of 2nd period - Wrist shot by Ben Hanowski.
2:06 of 2nd period - Shot Misses the Net.
2:24 of 2nd period - Snap shot by Riley Armstrong.
2:24 of 2nd period - Shot Blocked by Iiro Pakarinen.
2:26 of 2nd period - Snap shot by Max Domi.
2:26 of 2nd period - Shot Hit the Post.
2:28 of 2nd period - Slapshot by Phil Oreskovic.
2:28 of 2nd period - Shot Misses the Net.
2:44 of 2nd period - Snap shot by Brandon Pirri.
2:44 of 2nd period - Stopped by Magnus Hellberg without a rebound.
2:45 of 2nd period - Cedric Paquette wins face-off versus Dylan Larkin in Moose zone.
2:50 of 2nd period - Slapshot by Vladislav Gavrikov.
2:50 of 2nd period - Stopped by Olivier Roy without a rebound.
2:51 of 2nd period - Dylan Larkin wins face-off versus Cedric Paquette in Griffins zone.
2:56 of 2nd period - Wrist shot by Troy Stetcher.
2:56 of 2nd period - Shot Misses the Net.
2:58 of 2nd period - Snap shot by Frank Vatrano.
2:58 of 2nd period - Goal by Frank Vatrano - Moose : 3 - Griffins : 2.
2:59 of 2nd period - Dylan Larkin wins face-off versus Vince Hinostroza in neutral zone.
3:36 of 2nd period - Icing by Marcus Pettersson.
3:37 of 2nd period - Mathew Barzal wins face-off versus Cedric Paquette in Griffins zone.
3:52 of 2nd period - Backhand shot by Brandon Pirri.
3:52 of 2nd period - Shot Blocked by Ludwig Bystrom.
4:18 of 2nd period - Minor Penalty to Matthew Benning for Hooking.
4:19 of 2nd period - Dylan Larkin wins face-off versus Cedric Paquette in Moose zone.
4:20 of 2nd period - Snap shot by Tye McGinn.
4:20 of 2nd period - Stopped by Magnus Hellberg with a rebound.
4:50 of 2nd period - Slapshot by Riley Armstrong.
4:50 of 2nd period - Shot Misses the Net.
5:43 of 2nd period - Icing by Travis Sanheim.
5:44 of 2nd period - Nikolay Goldobin wins face-off versus Dylan Larkin in Griffins zone.
5:45 of 2nd period - Slapshot by Jordan Martinook.
5:45 of 2nd period - Stopped by Olivier Roy with a rebound.
6:18 of 2nd period - Penalty to Matthew Benning is over, Matthew Benning is back on ice.
6:23 of 2nd period - Slapshot by Sonny Milano.
6:23 of 2nd period - Shot Misses the Net.
6:25 of 2nd period - Slapshot by Phil Oreskovic.
6:25 of 2nd period - Shot Misses the Net.
6:27 of 2nd period - Snap shot by Brendan Woods.
6:27 of 2nd period - Stopped by Magnus Hellberg with a rebound.
6:43 of 2nd period - Slapshot by Jordan Martinook.
6:43 of 2nd period - Stopped by Olivier Roy without a rebound.
6:44 of 2nd period - Nicolas Petan wins face-off versus Dylan Larkin in Griffins zone.
6:47 of 2nd period - Snap shot by Iiro Pakarinen.
6:47 of 2nd period - Shot Misses the Net.
7:08 of 2nd period - Adam Gaudette is hit by Matthew Benning.
7:57 of 2nd period - Slapshot by Travis Sanheim.
7:57 of 2nd period - Stopped by Magnus Hellberg without a rebound.
7:58 of 2nd period - Nicolas Petan wins face-off versus Rourke Chartier in Moose zone.
8:05 of 2nd period - Slapshot by Troy Stetcher.
8:05 of 2nd period - Stopped by Olivier Roy with a rebound.
8:07 of 2nd period - Snap shot by Troy Stetcher.
8:07 of 2nd period - Deflect By Iiro Pakarinen.
8:07 of 2nd period - Shot Blocked by Ryan Pulock.
8:07 of 2nd period - Puck is out of play.
8:08 of 2nd period - Dominik Kahun wins face-off versus Dylan Larkin in Griffins zone.
8:30 of 2nd period - Icing by Vladislav Gavrikov.
8:31 of 2nd period - Riley Armstrong wins face-off versus Nicolas Petan in Moose zone.
8:38 of 2nd period - Slapshot by Riley Armstrong.
8:38 of 2nd period - Shot Misses the Net.
9:01 of 2nd period - Wrist shot by Brendan Perlini.
9:01 of 2nd period - Shot Blocked by Tye McGinn.
9:10 of 2nd period - Off-side.
9:11 of 2nd period - Danny Kristo wins face-off versus Oskar Lindblom in neutral zone.
9:27 of 2nd period - Slapshot by Troy Stetcher.
9:27 of 2nd period - Stopped by Olivier Roy without a rebound.
9:28 of 2nd period - Dominik Kahun wins face-off versus Tye McGinn in Griffins zone.
9:29 of 2nd period - Snap shot by Vince Hinostroza.
9:29 of 2nd period - Stopped by Olivier Roy with a rebound.
9:31 of 2nd period - Snap shot by Vince Hinostroza.
9:31 of 2nd period - Stopped by Olivier Roy without a rebound.
9:32 of 2nd period - Dylan Larkin wins face-off versus Dominik Kahun in Griffins zone.
10:23 of 2nd period - Snap shot by Jordan Martinook.
10:23 of 2nd period - Stopped by Olivier Roy with a rebound.
10:25 of 2nd period - Snap shot by Jordan Martinook.
10:25 of 2nd period - Shot Misses the Net.
10:27 of 2nd period - Snap shot by Matthew Benning.
10:27 of 2nd period - Deflect By Jordan Martinook.
10:27 of 2nd period - Stopped by Olivier Roy without a rebound.
10:28 of 2nd period - Riley Armstrong wins face-off versus Iiro Pakarinen in Griffins zone.
10:41 of 2nd period - Wrist shot by Riley Armstrong.
10:41 of 2nd period - Shot Misses the Net.
11:37 of 2nd period - Wrist shot by Cedric Paquette.
11:37 of 2nd period - Stopped by Olivier Roy with a rebound.
11:39 of 2nd period - Wrist shot by Cedric Paquette.
11:39 of 2nd period - Shot Misses the Net.
11:41 of 2nd period - Wrist shot by Cedric Paquette.
11:41 of 2nd period - Shot Blocked by Jordie Benn.
11:43 of 2nd period - Slapshot by Brendan Perlini.
11:43 of 2nd period - Stopped by Olivier Roy with a rebound.
11:45 of 2nd period - Snap shot by Cedric Paquette.
11:45 of 2nd period - Shot Blocked by Jordie Benn.
12:01 of 2nd period - Wrist shot by Danny Kristo.
12:01 of 2nd period - Shot Misses the Net.
12:11 of 2nd period - Dylan Larkin is hit by Vince Hinostroza and loses puck.
12:30 of 2nd period - Rourke Chartier is hit by Jordan Martinook and loses puck.
13:42 of 2nd period - Snap shot by Alexandre Carrier.
13:42 of 2nd period - Stopped by Olivier Roy with a rebound.
13:48 of 2nd period - Phil Oreskovic is hit by Cedric Paquette and loses puck.
14:10 of 2nd period - Slapshot by Sonny Milano.
14:10 of 2nd period - Shot Misses the Net.
14:28 of 2nd period - Wrist shot by Nikolay Goldobin.
14:28 of 2nd period - Shot Misses the Net.
14:58 of 2nd period - Wrist shot by Jordie Benn.
14:58 of 2nd period - Stopped by Magnus Hellberg with a rebound.
15:04 of 2nd period - Snap shot by Max Domi.
15:04 of 2nd period - Stopped by Magnus Hellberg with a rebound.
15:06 of 2nd period - Snap shot by Adam Gaudette.
15:06 of 2nd period - Stopped by Magnus Hellberg with a rebound.
15:08 of 2nd period - Snap shot by Riley Armstrong.
15:08 of 2nd period - Stopped by Magnus Hellberg without a rebound.
15:09 of 2nd period - Dominik Kahun wins face-off versus Mathew Barzal in Moose zone.
15:14 of 2nd period - Snap shot by Danny Kristo.
15:14 of 2nd period - Goal by Danny Kristo - Moose : 3 - Griffins : 3.
15:15 of 2nd period - Dominik Kahun wins face-off versus Dylan Larkin in neutral zone.
16:18 of 2nd period - Slapshot by Ludwig Bystrom.
16:18 of 2nd period - Stopped by Olivier Roy with a rebound.
16:20 of 2nd period - Slapshot by Ludwig Bystrom.
16:20 of 2nd period - Shot Blocked by Brendan Woods.
16:22 of 2nd period - Slapshot by Ludwig Bystrom.
16:22 of 2nd period - Shot Blocked by Ryan Pulock.
16:38 of 2nd period - Snap shot by Iiro Pakarinen.
16:38 of 2nd period - Deflect By Nicolas Petan.
16:38 of 2nd period - Goal by Nicolas Petan - Moose : 4 - Griffins : 3.
16:39 of 2nd period - Dominik Kahun wins face-off versus Dylan Larkin in neutral zone.
16:42 of 2nd period - Slapshot by Troy Stetcher.
16:42 of 2nd period - Deflect By Jordan Martinook.
16:42 of 2nd period - Shot Blocked by Ben Hanowski.
16:42 of 2nd period - Puck is out of play.
16:43 of 2nd period - Dominik Kahun wins face-off versus Dylan Larkin in Griffins zone.
17:01 of 2nd period - Minor Penalty to Phil Oreskovic for Holding Stick.
17:02 of 2nd period - Danny Kristo wins face-off versus Dominik Kahun in Griffins zone.
17:57 of 2nd period - Icing by Vladislav Gavrikov.
17:58 of 2nd period - Dominik Kahun wins face-off versus Brandon Pirri in Moose zone.
19:01 of 2nd period - Penalty to Phil Oreskovic is over, Phil Oreskovic is back on ice.
19:12 of 2nd period - Snap shot by Phil Oreskovic.
19:12 of 2nd period - Shot Misses the Net.
19:14 of 2nd period - Slapshot by Ben Hanowski.
19:14 of 2nd period - Shot Blocked by Troy Stetcher.
19:16 of 2nd period - Slapshot by Travis Sanheim.
19:16 of 2nd period - Stopped by Magnus Hellberg without a rebound.
19:17 of 2nd period - Riley Armstrong wins face-off versus Mitchell Stephens in Moose zone.
Goals for this period are 2 for Moose vs 1 for Griffins.
Shots for this period are 16 for Moose vs 11 for Griffins.
3rd period
0:01 of 3rd period - Dominik Kahun wins face-off versus Dylan Larkin in neutral zone.
0:04 of 3rd period - Slapshot by Vince Hinostroza.
0:04 of 3rd period - Deflect By Jordan Martinook.
0:04 of 3rd period - Stopped by Olivier Roy without a rebound.
0:05 of 3rd period - Dominik Kahun wins face-off versus Dylan Larkin in Griffins zone.
0:12 of 3rd period - Slapshot by Jordan Martinook.
0:12 of 3rd period - Shot Blocked by Ben Hanowski.
0:26 of 3rd period - Minor Penalty to Marcus Pettersson for Interference.
0:27 of 3rd period - Danny Kristo wins face-off versus Dominik Kahun in Griffins zone.
1:43 of 3rd period - Snap shot by Iiro Pakarinen.
1:43 of 3rd period - Stopped by Olivier Roy without a rebound.
1:44 of 3rd period - Danny Kristo wins face-off versus Dominik Kahun in Griffins zone.
2:26 of 3rd period - Penalty to Marcus Pettersson is over, Marcus Pettersson is back on ice.
2:40 of 3rd period - Snap shot by Riley Armstrong.
2:40 of 3rd period - Goal by Riley Armstrong - Moose : 4 - Griffins : 4.
2:41 of 3rd period - Dylan Larkin wins face-off versus Dominik Kahun in neutral zone.
2:49 of 3rd period - Vladislav Gavrikov is hit by Tye McGinn and loses puck.
3:22 of 3rd period - Wrist shot by Ben Hanowski.
3:22 of 3rd period - Shot Misses the Net.
4:02 of 3rd period - Wrist shot by Frank Vatrano.
4:02 of 3rd period - Stopped by Olivier Roy with a rebound.
4:04 of 3rd period - Wrist shot by Frank Vatrano.
4:04 of 3rd period - Stopped by Olivier Roy with a rebound.
4:06 of 3rd period - Slapshot by Ludwig Bystrom.
4:06 of 3rd period - Stopped by Olivier Roy without a rebound.
4:07 of 3rd period - Dominik Kahun wins face-off versus Riley Armstrong in Griffins zone.
4:10 of 3rd period - Wrist shot by Jordan Martinook.
4:10 of 3rd period - Shot Blocked by Marcus Pettersson.
4:33 of 3rd period - Danny Kristo is hit by Jordan Martinook and loses puck.
4:40 of 3rd period - Slapshot by Mathew Barzal.
4:40 of 3rd period - Shot Misses the Net.
4:42 of 3rd period - Slapshot by Phil Oreskovic.
4:42 of 3rd period - Deflect By Brandon Pirri.
4:42 of 3rd period - Stopped by Magnus Hellberg with a rebound.
4:44 of 3rd period - Slapshot by Ryan Pulock.
4:44 of 3rd period - Stopped by Magnus Hellberg with a rebound.
5:12 of 3rd period - Snap shot by Riley Armstrong.
5:12 of 3rd period - Stopped by Magnus Hellberg without a rebound.
5:13 of 3rd period - Nicolas Petan wins face-off versus Riley Armstrong in Moose zone.
5:36 of 3rd period - Mathew Barzal is hit by Ludwig Bystrom and loses puck.
6:54 of 3rd period - Minor Penalty to Ryan Pulock for Hooking.
6:55 of 3rd period - Brendan Perlini wins face-off versus Danny Kristo in Griffins zone.
7:39 of 3rd period - Snap shot by Ben Hanowski.
7:39 of 3rd period - Shot Misses the Net.
8:05 of 3rd period - Snap shot by Jordan Martinook.
8:05 of 3rd period - Shot Misses the Net.
8:07 of 3rd period - Wrist shot by Troy Stetcher.
8:07 of 3rd period - Shot Misses the Net.
8:13 of 3rd period - Wrist shot by Jordan Martinook.
8:13 of 3rd period - Shot Misses the Net.
8:15 of 3rd period - Snap shot by Vince Hinostroza.
8:15 of 3rd period - Shot Misses the Net.
8:23 of 3rd period - Slapshot by Jordan Martinook.
8:23 of 3rd period - Stopped by Olivier Roy without a rebound.
8:24 of 3rd period - Nicolas Petan wins face-off versus Ben Hanowski in Griffins zone.
8:25 of 3rd period - Snap shot by Iiro Pakarinen.
8:25 of 3rd period - Shot Blocked by Jordie Benn.
8:27 of 3rd period - Wrist shot by Nicolas Petan.
8:27 of 3rd period - Goal by Nicolas Petan - Moose : 5 - Griffins : 4.
8:28 of 3rd period - Dylan Larkin wins face-off versus Nicolas Petan in neutral zone.
9:14 of 3rd period - Troy Stetcher is hit by Danny Kristo and loses puck.
9:21 of 3rd period - Troy Stetcher is hit by Mathew Barzal and loses puck.
9:37 of 3rd period - Icing by Rourke Chartier.
9:38 of 3rd period - Rourke Chartier wins face-off versus Nicolas Petan in Griffins zone.
10:05 of 3rd period - Wrist shot by Tye McGinn.
10:05 of 3rd period - Shot Misses the Net.
10:07 of 3rd period - Slapshot by Tye McGinn.
10:07 of 3rd period - Shot Misses the Net.
10:09 of 3rd period - Snap shot by Dylan Larkin.
10:09 of 3rd period - Shot Misses the Net.
10:11 of 3rd period - Slapshot by Jordie Benn.
10:11 of 3rd period - Shot Blocked by Ludwig Bystrom.
10:13 of 3rd period - Wrist shot by Dylan Larkin.
10:13 of 3rd period - Shot Blocked by Frank Vatrano.
10:15 of 3rd period - Backhand shot by Dylan Larkin.
10:15 of 3rd period - Stopped by Magnus Hellberg with a rebound.
10:33 of 3rd period - Snap shot by Riley Armstrong.
10:33 of 3rd period - Stopped by Magnus Hellberg with a rebound.
10:59 of 3rd period - Slapshot by Troy Stetcher.
10:59 of 3rd period - Stopped by Olivier Roy with a rebound.
11:07 of 3rd period - Snap shot by Sonny Milano.
11:07 of 3rd period - Shot Misses the Net.
11:22 of 3rd period - Minor Penalty to Travis Sanheim for Unsportsmanlike conduct.
11:23 of 3rd period - Dominik Kahun wins face-off versus Danny Kristo in Griffins zone.
13:22 of 3rd period - Penalty to Travis Sanheim is over, Travis Sanheim is back on ice.
13:26 of 3rd period - Mathew Barzal is hit by Ludwig Bystrom.
13:38 of 3rd period - Snap shot by Oskar Lindblom.
13:38 of 3rd period - Stopped by Olivier Roy without a rebound.
13:39 of 3rd period - Mitchell Stephens wins face-off versus Riley Armstrong in Griffins zone.
14:03 of 3rd period - Ludwig Bystrom is hit by Rourke Chartier and loses puck.
14:28 of 3rd period - Jordan Martinook is hit by Mathew Barzal and loses puck.
14:49 of 3rd period - Wrist shot by Dylan Larkin.
14:49 of 3rd period - Stopped by Magnus Hellberg without a rebound.
14:50 of 3rd period - Dylan Larkin wins face-off versus Nicolas Petan in Moose zone.
16:02 of 3rd period - Slapshot by Vladislav Gavrikov.
16:02 of 3rd period - Shot Blocked by Brandon Pirri.
16:43 of 3rd period - Slapshot by Travis Sanheim.
16:43 of 3rd period - Shot Misses the Net.
17:03 of 3rd period - Snap shot by Danny Kristo.
17:03 of 3rd period - Stopped by Magnus Hellberg with a rebound.
17:58 of 3rd period - Ludwig Bystrom is hit by Sonny Milano and loses puck.
18:14 of 3rd period - Ryan Pulock is hit by Brendan Perlini and loses puck.
18:29 of 3rd period - Snap shot by Riley Armstrong.
18:29 of 3rd period - Shot Misses the Net.
18:35 of 3rd period - Slapshot by Danny Kristo.
18:35 of 3rd period - Shot Misses the Net.
18:53 of 3rd period - Wrist shot by Troy Stetcher.
18:53 of 3rd period - Stopped by Olivier Roy without a rebound.
18:54 of 3rd period - Kirk Muller call a timeout for Griffins.
18:54 of 3rd period - Dominik Kahun wins face-off versus Dylan Larkin in Griffins zone.
18:57 of 3rd period - Wrist shot by Vince Hinostroza.
18:57 of 3rd period - Stopped by Olivier Roy with a rebound.
19:35 of 3rd period - Wrist shot by Troy Stetcher.
19:35 of 3rd period - Deflect By Dominik Kahun.
19:35 of 3rd period - Shot Misses the Net.
19:35 of 3rd period - Puck is out of play.
19:36 of 3rd period - Dylan Larkin wins face-off versus Dominik Kahun in Griffins zone.
19:41 of 3rd period - Griffins, Olivier Roy is pulled from the net.
19:55 of 3rd period - Snap shot by Dylan Larkin.
19:55 of 3rd period - Stopped by Magnus Hellberg with a rebound.
19:57 of 3rd period - Snap shot by Travis Sanheim.
19:57 of 3rd period - Shot Blocked by Troy Stetcher.
19:59 of 3rd period - Snap shot by Max Domi.
19:59 of 3rd period - Stopped by Magnus Hellberg with a rebound.
Goals for this period are 1 for Moose vs 1 for Griffins.
Shots for this period are 11 for Moose vs 10 for Griffins.